 Dungeon Crawl Stone Soup version 0.27.1-33-g824d729ab1 (webtiles) character file.

Game seed: 2230602636591051850

4185 sking99 the Martial Artist (level 10, -2/76 HPs)
             Began as a Demonspawn Transmuter on Dec 9, 2021.
             Was a Believer of Ashenzari.
             Killed from afar by an acid dragon (12 damage)
             ... with a splash of acid
             ... on level 8 of the Dungeon.
             The game lasted 00:25:57 (12829 turns).

sking99 the Martial Artist (Demonspawn Transmuter) Turns: 12829, Time: 00:25:58

Health: -2/76      AC:  2    Str: 12    XL:     10   Next: 8%
Magic:  11/13      EV: 29    Int: 16    God:    Ashenzari [**....]
Gold:   373        SH:  0    Dex: 19    Spells: 3/13 levels left

rFire    . . .     SeeInvis +     - Unarmed
rCold    . . .     Faith    .   (shield currently unavailable)
rNeg     . . .     Spirit   .   (armour currently unavailable)
rPois    .         Reflect  .   (helmet currently unavailable)
rElec    .         Harm     .   (cloak currently unavailable)
rCorr    .         Rampage  .   (gloves currently unavailable)
Will     .....                  (boots currently unavailable)
Stlth    ++........             (no amulet)
HPRegen  0.22/turn              h - ring "Absolutism of Ashenzari" {EV+4, Bglg, Comp} (curse)
MPRegen  0.13/turn              v - ring of poison resistance

@: agile, spider-form (expiring), slowed, very slow
A: venomous fangs, tiny, (hooves 2), (yellow scales 1), powered by pain 1
a: End Transformation, Renounce Religion, Shatter the Chains


You were on level 8 of the Dungeon.
You worshipped Ashenzari.
Ashenzari was pleased with you.
You were a venomous arachnid creature.
You visited 2 branches of the dungeon, and saw 9 of its levels.

You collected 373 gold pieces.

Inventory:

Armour
 a - a +0 robe (melded)
 e - the cursed +0 pair of boots "Tethered Gnosis" (melded) {Evo, Melee}
   (You found it on level 1 of the Dungeon)

   It has a curse which improves the following skills: Evocations: Evocations.
   Melee Combat: Short Blades, Long Blades, Axes, Maces & Flails, Polearms,
   Staves and Unarmed Combat.
 i - the cursed +2 cloak "Shame of Ashenzari" (melded) {Cun, Evo}
   (You found it on level 2 of the Dungeon)

   It has a curse which improves the following skills: Cunning: Dodging and
   Stealth.
   Evocations: Evocations.
Magical Staves
 g - a staff of fire
 n - a staff of air
 o - a staff of earth
Jewellery
 h - the cursed ring "Absolutism of Ashenzari" (left front leg) {EV+4, Bglg, Comp}
   (You took it off an orc on level 4 of the Dungeon)

   [ring of evasion]

   EV:        It affects your evasion (+4).
   It has a curse which improves the following skills: Beguiling: Conjurations,
   Hexes and Translocations.
   Companions: Summonings and Necromancy.
 r - a ring of positive energy
 v - a ring of poison resistance (right front leg)
Wands
 c - a wand of digging (7)
 s - a wand of paralysis (10)
Scrolls
 k - 2 scrolls of enchant armour
 t - a scroll of silence
 u - a scroll of magic mapping
Potions
 d - a potion of ambrosia
 f - 3 potions of curing
 j - a potion of berserk rage
 l - 3 potions of brilliance
 m - 3 potions of haste
 p - a potion of invisibility
 q - a potion of flight


   Skills:
 - Level 6.3 Fighting
 - Level 3.0 Dodging
 + Level 9.4 Unarmed Combat
 - Level 2.0 Spellcasting
 + Level 6.0 Transmutations
 + Level 3.0 Ice Magic
 - Level 2.0 Poison Magic
 - Level 3.2 Evocations


You had 3 spell levels left.
You knew the following spells:

 Your Spells              Type           Power      Damage    Failure   Level
a - Beastly Appendage     Tmut           40%        N/A       8%          1
b - Wereblood             Tmut           20%        N/A       10%         2
c - Spider Form           Tmut/Pois      7%         N/A       28%         3
d - Ice Form              Ice/Tmut       16%        N/A       54%         4

Your spell library contained the following spells:

 Spells                   Type           Power      Damage    Failure   Level
 Magic Dart               Conj           8%         1d3       38%         1
 Poisonous Vapours        Pois/Air       8%         N/A       41%         2
 Call Imp                 Summ           2%         N/A       50%         2
 Searing Ray              Conj           4%         3d3       50%         2
 Corpse Rot               Necr/Air       N/A        N/A       52%         2
 Static Discharge         Conj/Air       1%         N/A       52%         2
 Mephitic Cloud           Conj/Pois/Air  3%         N/A       65%         3
 Fulminant Prism          Conj/Hex       1%         3d6       96%         4
 Freezing Cloud           Conj/Ice/Air   2%         6-21      99%         5
 Lightning Bolt           Conj/Air       0%         1d11      100%        5
 Maxwell's Capacitive Co  Air            0%         ∞         100%        8


Dungeon Overview and Level Annotations

Branches:
Dungeon (8/15)             Temple (1/1) D:5            Lair (0/6) D:8

Altars:
Ashenzari
Cheibriados
Dithmenos
Elyvilon
Fedhas
Gozag
Hepliaklqana
Kikubaaqudgha
Makhleb
Nemelex Xobeh
Okawaru
Qazlal
Ru
Sif Muna
Trog
Uskayaw
Vehumet
Wu Jian
Xom
Yredelemnul
Zin
The Shining One


Innate Abilities, Weirdness & Mutations

You are a venomous arachnid creature.
You have poisonous fangs.
You are tiny and dextrous.
Your spellcasting is less reliable in this form.
Your armour is entirely melded.
You are incapable of wielding weapons or throwing items.
((You have hoof-like feet.))
((You are partially covered in yellow scales. (AC +2)))
You sometimes gain a little power by taking damage.


Message History

You feel agile all of a sudden. Erica burns you.
* * * LOW HITPOINT WARNING * * *
The acid dragon spits acid at you.
The splash of acid hits Erica!
Erica is splashed with acid.
The acid corrodes Erica!
Erica gestures at you while chanting. The lance of force misses you.
You feel much better. Erica misses you.
Erica hits you with a +3 scimitar of flaming.
Erica burns you.
* * * LOW HITPOINT WARNING * * *
The acid dragon spits acid at you.
The splash of acid hits Erica!
Erica is splashed with acid.
Erica dies!
Your Transmutations skill increases to level 6!
Your Ice Magic skill increases to level 3!
You have reached level 10!
The acid dragon completely misses you. x2
You completely miss the acid dragon. The acid dragon misses you.
The acid dragon completely misses you.
You hit the acid dragon but do no damage.
The acid dragon is poisoned.
Your transformation is almost over.
The acid dragon misses you. The acid dragon completely misses you.
You hit the acid dragon.
The acid dragon is lightly wounded.
You are no longer corroded.
The acid dragon bites you!
* * * LOW HITPOINT WARNING * * *
The acid dragon completely misses you.
Unknown command.
You hit the acid dragon but do no damage.
The acid dragon is lightly wounded.
The acid dragon misses you. The acid dragon completely misses you.
You hit the acid dragon.
The acid dragon is moderately wounded.
The acid dragon spits acid at you. The splash of acid hits you!
You die...

#.#.##..#####.# #.#
...........##.# #.#
..#..#..#####.# #.#
###..#..# #.# #.#
.....#..#####.####.#
####.#...........#.#
.....#..#####......#
####.#.## ####.#.#
#.#.# * * #s#.#
###.., , #D#.# ###
** #[#.# #.......#.#
#.#######.# * ###


You could see an acid dragon (very poisoned, catching breath).

Vanquished Creatures
  A two-headed ogre (D:8)
  A hornet (D:7)
  A steam dragon (D:7)
  An acid dragon (D:8)
  2 water moccasins
  An ice beast (D:6)
  A black bear (D:6)
  A sky beast (D:5)
  3 ogres
  2 centaurs (D:7)
  Blork the orc (D:5)
  A bullfrog (D:8)
  A scorpion (D:4)
  11 killer bees
  A water moccasin skeleton (D:6)
  5 wights (D:8)
  4 howler monkeys (D:7)
  3 orc priests
  A jelly (D:7)
  2 hounds (D:6)
  Ijyb (D:4)
  2 centaur skeletons
  3 iguanas
  8 orc wizards
  A hound zombie (D:5)
  A hound skeleton (D:4)
  6 adders
  3 gnolls (D:8)
  A shadow imp (D:5)
  2 white imps
  An adder skeleton (D:4)
  16 orcs
  10 ball pythons
  8 endoplasms
  A giant cockroach (D:3)
  13 goblins
  6 hobgoblins
  3 quokkas
  6 bats
  3 frilled lizards
  5 kobolds
  7 rats
151 creatures vanquished.

Vanquished Creatures (others)
  Erica (D:8)
  A centaur (D:5)
  An ogre (D:5)
  A scorpion (D:5)
  4 orcs (D:5)
8 creatures vanquished.

Grand Total: 159 creatures vanquished

Notes
Turn   | Place    | Note
-------+----------+-------------------------------------------
     0 | D:1      | sking99 the Demonspawn Transmuter began the quest for the
                  | Orb.
     0 | D:1      | Reached XP level 1. HP: 15/15 MP: 3/3
   182 | D:1      | Reached skill level 3 in Unarmed Combat
   261 | D:1      | Gained mutation: You sometimes gain a little power by
                  | taking damage. [demonic ancestry]
   261 | D:1      | Reached XP level 2. HP: 15/21 MP: 5/5
  1249 | D:2      | Found a faded altar of an unknown god.
  1275 | D:2      | Learned a level 2 spell: Wereblood
  1370 | D:2      | Reached XP level 3. HP: 27/27 MP: 6/6
  1473 | D:2      | Learned a level 3 spell: Spider Form
  2133 | D:3      | Noticed an ogre
  2165 | D:3      | Reached skill level 1 in Poison Magic
  2360 | D:3      | Reached XP level 4. HP: 33/33 MP: 7/7
  3356 | D:3      | Killed an ogre
  3357 | D:3      | Lost mutation: You have razor-sharp toenails. [demonic
                  | ancestry]
  3357 | D:3      | Lost mutation: You have sharp toenails. [demonic ancestry]
  3357 | D:3      | Gained mutation: You have large cloven feet. [demonic
                  | ancestry]
  3357 | D:3      | Reached XP level 5. HP: 20/38 MP: 8/8
  4603 | D:4      | Gained mutation: You are partially covered in yellow
                  | scales. (AC +2) [demonic ancestry]
  4603 | D:4      | Reached XP level 6. HP: 4/44 MP: 7/9
  4922 | D:4      | Reached skill level 4 in Unarmed Combat
  5354 | D:4      | Noticed Ijyb
  5368 | D:4      | Killed Ijyb
  5960 | D:5      | Entered Level 5 of the Dungeon
  6281 | D:5      | Noticed Blork the orc
  6292 | D:5      | Killed Blork the orc
  6293 | D:5      | Reached XP level 7. HP: 52/52 MP: 6/10
  6455 | D:5      | Reached skill level 5 in Unarmed Combat
  7311 | D:5      | Found a staircase to the Ecumenical Temple.
  7320 | Temple   | Entered the Ecumenical Temple
  7576 | Temple   | Became a worshipper of Ashenzari the Shackled
  7618 | D:5      | Identified the +1 leather armour of Fun {Harm Fly Will+}
  7793 | D:5      | Reached skill level 5 in Transmutations
  8022 | D:6      | Reached skill level 6 in Unarmed Combat
  8022 | D:6      | Reached XP level 8. HP: 24/60 MP: 9/11
  8207 | D:6      | Learned a level 4 spell: Ice Form
  8702 | D:6      | Reached skill level 7 in Unarmed Combat
  9009 | D:7      | Reached skill level 5 in Fighting
  9277 | D:7      | Found a burning altar of Makhleb.
  9487 | D:7      | Reached skill level 8 in Unarmed Combat
  9775 | D:7      | Found a shimmering blue altar of Sif Muna.
  9846 | D:7      | Noticed a hornet
  9857 | D:7      | Killed a hornet
  9858 | D:7      | Gained mutation: You have hoof-like feet. [demonic
                  | ancestry]
  9858 | D:7      | Reached XP level 9. HP: 46/69 MP: 12/12
 10253 | D:8      | Reached * piety under Ashenzari
 10280 | D:8      | Identified the cursed +2 cloak "Shame of Ashenzari" {Cun,
                  | Evo} (You found it on level 2 of the Dungeon)
 10333 | D:8      | Reached skill level 1 in Evocations
 11586 | D:8      | Reached skill level 1 in Ice Magic
 11758 | D:8      | Reached skill level 9 in Unarmed Combat
 12010 | D:8      | Found a staircase to the Lair.
 12033 | D:8      | Reached ** piety under Ashenzari
 12085 | D:8      | Identified the cursed +0 pair of boots "Tethered Gnosis"
                  | {Evo, Melee} (You found it on level 1 of the Dungeon)
 12310 | D:8      | Noticed a two-headed ogre
 12345 | D:8      | Killed a two-headed ogre
 12813 | D:8      | Noticed Erica
 12821 | D:8      | HP: 2/69 [Erica (3)]
 12823 | D:8      | Killed Erica
 12824 | D:8      | Reached XP level 10. HP: 23/76 MP: 10/13
 12829 | D:8      | Killed from afar by an acid dragon

Illustrated notes

Levels and vault maps discovered:
D:1:      onia_arrival_handbag, layout_loops_ring
D:2:      wander_river, layout_basic, dreamdust_ecumenical_altar_statues
D:3:      layout_loops_ring, chequers_serial_rivers_large_b,
          minmay_ogre_servants
D:4:      layout_loops_ring, kennysheep_generic_room_11, uniq_ijyb
D:5:      layout_loops_ring, lemuel_temple_firewalk_b, palyth_stone_intersect,
          uniq_blork_the_orc
D:6:      layout_basic
D:7:      layout_gridville, mainiacjoe_overflow_brackets,
          kennysheep_small_circle
D:8:      layout_basic, lair_entry_dummy, uniq_erica
Temple:   regret_index_temple_sigil_plot

Skill      XL: |  1  2  3  4  5  6  7  8  9 |
---------------+----------------------------+-----
Unarmed Combat | 3 4 6 8 9 |  9.4
Fighting       | 2 3 4 5 6 |  6.3
Transmutations | 2 3 4 5 6 |  6.0
Poison Magic   | 1 2 |  2.0
Dodging        | 2 3 |  3.0
Evocations     | 3 |  3.2
Ice Magic      | 3 |  3.0
Spellcasting   | |  2.0

Action                   |  1- 3 |  4- 6 |  7- 9 | 10-12 || total
-------------------------+-------+-------+-------+-------++-------
Melee: Unarmed           |   140 |   137 |   273 |     5 ||   555
       Punch             |     1 |     3 |     2 |       ||     6
       Kick              |    10 |    14 |     5 |       ||    29
       Headbutt          |     9 |     8 |     3 |       ||    20
 Cast: Beastly Appendage |    19 |     9 |     6 |       ||    34
       Spider Form       |       |    11 |    43 |       ||    54
       Wereblood         |       |       |     1 |       ||     1
Invok: Curse Item        |       |       |     3 |       ||     3
  Use: Scroll            |       |     6 |       |       ||     6
       Potion            |       |       |     5 |       ||     5
 Stab: Sleeping          |     2 |     2 |     1 |       ||     5
Armor: Robe              |    36 |    35 |    10 |       ||    81
       Skin              |       |     2 |     9 |       ||    11
Dodge: Dodged            |    76 |    87 |   258 |     9 ||   430
